 Dungeon Crawl Stone Soup version 0.20.1-1-g8b1a95d (webtiles) character file.

663 arttle the Digger (level 7, 0/36 HPs)
             Began as a Gargoyle Earth Elementalist on Oct 31, 2017.
             Slain by HammerPanzer's ghost (7 damage)
             ... on level 5 of the Dungeon.
             The game lasted 00:21:11 (4140 turns).

arttle the Digger (Gargoyle Earth Elementalist)     Turns: 4140, Time: 00:21:12

Health: 0/36       AC:  7    Str: 11    XL:     7   Next: 56%
Magic:  0/15       EV: 12    Int: 18    God:
Gold:   159        SH:  0    Dex: 12    Spells: 8/17 levels left

rFire    . . .     SeeInvis .   g - +1 hand axe
rCold    . . .     Gourm    .   (no shield)
rNeg     + . .     Faith    .   c - +0 robe
rPois    ∞         Spirit   .   m - +0 hat
rElec    +         Reflect  .   (no cloak)
rCorr    .         Harm     .   (no gloves)
MR       +....                  p - +0 pair of boots
Stlth    ++........             (no amulet)
Regen    0.2/turn               (no ring)
MPRegen  0.2/turn               (no ring)

@: no status effects
A: hooves 1, agile 1, magic resistance 1, negative energy resistance 1,
electricity resistance, unbreathing, petrification resistance, rot immunity, AC
+4
a: no special abilities


You were on level 5 of the Dungeon.
You were not hungry.

You visited 1 branch of the dungeon, and saw 5 of its levels.
You also visited: Sewer.

You collected 159 gold pieces.

Inventory:

Hand Weapons
 g - a +1 hand axe (weapon)
Missiles
 b - 107 stones (quivered)
Armour
 c - a +0 robe (worn)
 m - a +0 hat (worn)
 p - a +0 pair of boots (worn)
Jewellery
 j - an uncursed amulet of guardian spirit {unknown}
 n - a +5 amulet of reflection {unknown}
 x - a +4 ring of intelligence {unknown}
Scrolls
 a - 5 scrolls of recharging
 q - 3 scrolls of remove curse
 s - 2 scrolls of enchant weapon
 t - 3 scrolls of magic mapping {unknown}
 u - 2 scrolls of fear {unknown}
 w - a scroll of identify {unknown}
 z - a scroll of fog
Potions
 f - 5 potions of curing
 h - a potion of brilliance {unknown}
 l - 2 potions of magic
 r - a potion of haste {unknown}
 v - 2 potions of heal wounds {unknown}
 A - a potion of agility {unknown}
Books
 e - a book of Geomancy

   Spells                             Type                      Level
   a - Sandblast                      Earth                        1
   b - Passwall                       Transmutation/Earth          2
   c - Stone Arrow                    Conjuration/Earth            3
   d - Petrify                        Transmutation/Earth          4
   e - Lee's Rapid Deconstruction     Earth                        5
 y - a book of Changes

   Spells                             Type                      Level
   a - Beastly Appendage              Transmutation                1
   b - Sticks to Snakes               Transmutation                2
   c - Spider Form                    Transmutation/Poison         3
   d - Ice Form                       Ice/Transmutation            4
   e - Blade Hands                    Transmutation                5
Comestibles
 d - 2 bread rations
 i - 5 fruits
 k - 2 royal jellies
 o - a meat ration
 B - 2 chunks of flesh


   Skills:
 - Level 1.5 Dodging
 - Level 2.1 Stealth
 + Level 5.5 Spellcasting
   Level 0.7 Transmutations
 + Level 7.6 Earth Magic


You had 8 spell levels left.
You knew the following spells:

 Your Spells              Type           Power        Failure   Level  Hunger
a - Sandblast             Erth           ####..       1%          1    None
e - Lee's Rapid Deconstr  Erth           ####......   14%         5    ######.
z - Stone Arrow           Conj/Erth      ###...       8%          3    ##.....


Dungeon Overview and Level Annotations

Branches:
Dungeon (5/15)
 Temple: D:4-7

Altars:
Trog

Annotations:
D:3 Sigmund
D:5 HammerPanzer's ghost, novice MiBe


Innate Abilities, Weirdness & Mutations

You are resistant to torment.
Your stone body is resilient. (AC +4)
You are immune to poison.
You resist negative energy. (rN+)
You are resistant to electric shocks. (rElec)
You can survive without breathing.
You are immune to petrification.
You are immune to rotting.
You have large cloven feet.
You are agile. (Dex +2)
You are resistant to hostile enchantments. (MR+)


Message History

Confirm with . or Enter, or press ? or * to list all spells.
Aiming: Sandblast
Press: ? - help, Shift-Dir - straight line, f/p - HammerPanzer's ghost
Aim: HammerPanzer's ghost (lightly damaged)
The blast of sand hits HammerPanzer's ghost.
HammerPanzer's ghost is moderately damaged.
b - 108 stones HammerPanzer's ghost hits you!
* * * LOW HITPOINT WARNING * * *
Casting: Sandblast
Confirm with . or Enter, or press ? or * to list all spells.
Aiming: Sandblast
Press: ? - help, Shift-Dir - straight line, f/p - HammerPanzer's ghost
Aim: HammerPanzer's ghost (moderately damaged)
The blast of sand hits HammerPanzer's ghost.
HammerPanzer's ghost is moderately damaged.
b - 107 stones HammerPanzer's ghost misses you.
HammerPanzer's ghost hits you!
You die...

####!)....
#....#...
########.........
#
#.............#.#
.>.
..#.......#####
##..###.....###
#........####
...###.W.#
#@#...# #.###..#
#.# #.... ..#
###. .## .# . ..


You could see HammerPanzer's ghost.

Vanquished Creatures
  Grinder (D:3)
  2 bullfrogs (Sewer)
  4 hounds
  A howler monkey skeleton (D:4)
  9 adders
  5 river rats (Sewer)
  3 oozes
  2 dart slugs (D:1)
  3 leopard geckos
  An orc (D:4)
  11 ball pythons
  5 giant cockroaches
  3 goblins
  8 hobgoblins
  3 jackals (D:4)
  2 kobolds
  3 quokkas
  4 bats
  7 frilled lizards
  28 rats
105 creatures vanquished.

Notes
Turn   | Place    | Note
-------+----------+-------------------------------------------
     0 | D:1      | arttle the Gargoyle Earth Elementalist began the quest for the Orb.
     0 | D:1      | Reached XP level 1. HP: 10/10 MP: 3/3
   172 | D:1      | Reached skill level 4 in Earth Magic
   172 | D:1      | Reached XP level 2. HP: 4/15 MP: 1/5
   752 | D:1      | Reached XP level 3. HP: 19/19 MP: 6/6
  1305 | D:2      | Found a faded altar of an unknown god.
  1499 | D:2      | Reached XP level 4. HP: 20/24 MP: 8/8
  1746 | D:2      | Reached skill level 5 in Earth Magic
  1818 | D:3      | Learned a level 3 spell: Stone Arrow
  2088 | D:3      | Noticed Grinder
  2097 | D:3      | Killed Grinder
  2097 | D:3      | Reached skill level 6 in Earth Magic
  2097 | D:3      | Reached XP level 5. HP: 23/28 MP: 0/11
  2097 | D:3      | Reached XP level 6. HP: 26/32 MP: 0/12
  2184 | D:3      | Noticed Sigmund
  2200 | D:4      | Learned a level 3 spell: Stone Arrow
  2343 | D:4      | Found a glowing drain.
  2359 | Sewer    | Entered a sewer
  2956 | Sewer    | Gained mutation: You are agile. (Dex +2) [potion of mutation]
  2956 | Sewer    | Gained mutation: You have large cloven feet. [potion of mutation]
  2956 | Sewer    | Gained mutation: You are resistant to hostile enchantments. (MR+) [potion of mutation]
  3326 | Sewer    | Reached skill level 5 in Spellcasting
  3326 | Sewer    | Reached skill level 7 in Earth Magic
  3326 | Sewer    | Reached XP level 7. HP: 13/36 MP: 7/14
  3582 | Sewer    | Learned a level 5 spell: Lee's Rapid Deconstruction
  4064 | D:4      | Found a bloodstained altar of Trog.
  4092 | D:5      | Entered Level 5 of the Dungeon
  4122 | D:5      | Noticed HammerPanzer's ghost (novice MiBe)
  4140 | D:5      | Slain by HammerPanzer's ghost

Skill      XL: |  1  2  3  4  5  6 |
---------------+-------------------+-----
Earth Magic    | 4 6 7 |  7.6
Spellcasting   | 3 4 5 |  5.5
Dodging        | |  1.5
Stealth        | |  2.1
Transmutations | |  0.7

Action                   |  1- 3 |  4- 6 |  7- 9 || total
-------------------------+-------+-------+-------++-------
Melee: Hand axe          |    85 |   102 |     7 ||   194
 Cast: Sandblast         |    21 |    39 |    11 ||    71
       Stone Arrow       |       |     8 |    16 ||    24
       Lee's Rapid Decon |       |       |     1 ||     1
  Use: Scroll            |     4 |     5 |       ||     9
       Potion            |     2 |     2 |       ||     4
 Stab: Sleeping          |     5 |     2 |       ||     7
  Eat: Chunk             |     2 |     7 |     4 ||    13
Armor: Robe              |    33 |    71 |     6 ||   110
Dodge: Dodged            |    57 |   125 |     6 ||   188
